Workbook

Sheet Summary
A1: Juniper Shield Pest Business Plan — Fictional Example | M1: Month | N1: Revenue | O1: Total Cost
M2: =IF('Monthly Projection'!$A$5="","",'Monthly Projection'!$A$5) | N2: =IF($M2="","",'Monthly Projection'!$C$5) | O2: =IF($M2="","",'Monthly Projection'!$D$5+'Monthly Projection'!$E$5)
M3: =IF('Monthly Projection'!$A$6="","",'Monthly Projection'!$A$6) | N3: =IF($M3="","",'Monthly Projection'!$C$6) | O3: =IF($M3="","",'Monthly Projection'!$D$6+'Monthly Projection'!$E$6)
A4: Indicator | B4: Calculated Value | D4: Indicator | E4: Calculated Value | M4: =IF('Monthly Projection'!$A$7="","",'Monthly Projection'!$A$7) | N4: =IF($M4="","",'Monthly Projection'!$C$7) | O4: =IF($M4="","",'Monthly Projection'!$D$7+'Monthly Projection'!$E$7)
A5: Planned monthly service revenue | B5: =IF(COUNT('Plan Inputs'!$J$5:$J$104)=0,"",SUM('Plan Inputs'!$J$5:$J$104)) | D5: Planned monthly fixed cost | E5: =IF(COUNT('Plan Inputs'!$K$5:$K$104)=0,"",SUM('Plan Inputs'!$K$5:$K$104)) | M5: =IF('Monthly Projection'!$A$8="","",'Monthly Projection'!$A$8) | N5: =IF($M5="","",'Monthly Projection'!$C$8) | O5: =IF($M5="","",'Monthly Projection'!$D$8+'Monthly Projection'!$E$8)
A6: Startup budget with contingency | B6: =IF(OR(COUNT('Plan Inputs'!$L$5:$L$104)=0,Assumptions!$B$11=""),"",SUM('Plan Inputs'!$L$5:$L$104)*(1+Assumptions!$B$11)) | D6: Opening funds available | E6: =IF(COUNT(Assumptions!$B$9:$B$10)<2,"",SUM(Assumptions!$B$9:$B$10)) | M6: =IF('Monthly Projection'!$A$9="","",'Monthly Projection'!$A$9) | N6: =IF($M6="","",'Monthly Projection'!$C$9) | O6: =IF($M6="","",'Monthly Projection'!$D$9+'Monthly Projection'!$E$9)
A7: Startup funding gap | B7: =IF(OR($B$6="",$E$6=""),"",MAX(0,$B$6-$E$6)) | D7: Year 1 projected revenue | E7: =IF(COUNT('Monthly Projection'!$C$5:$C$16)=0,"",IFERROR(SUM('Monthly Projection'!$C$5:INDEX('Monthly Projection'!$C$5:$C$124,MIN(12,Assumptions!$B$5))),"")) | M7: =IF('Monthly Projection'!$A$10="","",'Monthly Projection'!$A$10) | N7: =IF($M7="","",'Monthly Projection'!$C$10) | O7: =IF($M7="","",'Monthly Projection'!$D$10+'Monthly Projection'!$E$10)
A8: Year 1 operating result | B8: =IF(COUNT('Monthly Projection'!$F$5:$F$16)=0,"",IFERROR(SUM('Monthly Projection'!$F$5:INDEX('Monthly Projection'!$F$5:$F$124,MIN(12,Assumptions!$B$5))),"")) | D8: Year 1 ending cash | E8: =IF(COUNT('Monthly Projection'!$H$5:$H$16)=0,"",IFERROR(INDEX('Monthly Projection'!$H$5:$H$124,MIN(12,Assumptions!$B$5)),"")) | M8: =IF('Monthly Projection'!$A$11="","",'Monthly Projection'!$A$11) | N8: =IF($M8="","",'Monthly Projection'!$C$11) | O8: =IF($M8="","",'Monthly Projection'!$D$11+'Monthly Projection'!$E$11)
A9: Planned monthly service jobs | B9: =IF(COUNTIF('Plan Inputs'!$A$5:$A$104,"Service Revenue")=0,"",SUMIF('Plan Inputs'!$A$5:$A$104,"Service Revenue",'Plan Inputs'!$D$5:$D$104)) | D9: Planned monthly service hours | E9: =IF(OR($B$9="",Assumptions!$B$13=""),"",$B$9*Assumptions!$B$13) | M9: =IF('Monthly Projection'!$A$12="","",'Monthly Projection'!$A$12) | N9: =IF($M9="","",'Monthly Projection'!$C$12) | O9: =IF($M9="","",'Monthly Projection'!$D$12+'Monthly Projection'!$E$12)
A10: Estimated monthly labor capacity | B10: =IF(OR(COUNTIF('Plan Inputs'!$A$5:$A$104,"Staffing")=0,Assumptions!$B$12=""),"",SUMIF('Plan Inputs'!$A$5:$A$104,"Staffing",'Plan Inputs'!$D$5:$D$104)*Assumptions!$B$12) | D10: Capacity utilization | E10: =IFERROR($E$9/$B$10,"") | M10: =IF('Monthly Projection'!$A$13="","",'Monthly Projection'!$A$13) | N10: =IF($M10="","",'Monthly Projection'!$C$13) | O10: =IF($M10="","",'Monthly Projection'!$D$13+'Monthly Projection'!$E$13)
A11: Target market capture | B11: =IFERROR(Assumptions!$B$15/Assumptions!$B$14,"") | D11: First nonnegative operating month | E11: =IF(Assumptions!$B$5="","",IFERROR(IF(COUNT('Monthly Projection'!$I$5:INDEX('Monthly Projection'!$I$5:$I$124,Assumptions!$B$5))=0,"Not within projection",MIN('Monthly Projection'!$I$5:INDEX('Monthly Projection'!$I$5:$I$124,Assumptions!$B$5))),"")) | M11: =IF('Monthly Projection'!$A$14="","",'Monthly Projection'!$A$14) | N11: =IF($M11="","",'Monthly Projection'!$C$14) | O11: =IF($M11="","",'Monthly Projection'!$D$14+'Monthly Projection'!$E$14)
M12: =IF('Monthly Projection'!$A$15="","",'Monthly Projection'!$A$15) | N12: =IF($M12="","",'Monthly Projection'!$C$15) | O12: =IF($M12="","",'Monthly Projection'!$D$15+'Monthly Projection'!$E$15)
M13: =IF('Monthly Projection'!$A$16="","",'Monthly Projection'!$A$16) | N13: =IF($M13="","",'Monthly Projection'!$C$16) | O13: =IF($M13="","",'Monthly Projection'!$D$16+'Monthly Projection'!$E$16)

Sheet Plan Inputs
A1: Plan Inputs — Fictional Service, Staffing, Cost, and Startup Estimates
A3: Replace yellow cells with the owner's planning estimates. Amounts are not quotes, contract terms, or guarantees.
A4: Plan Area | B4: Line Item | C4: Service | D4: Quantity | E4: Unit | F4: Unit Amount | G4: Start Date | H4: Responsibility | I4: Status | J4: Monthly Revenue | K4: Monthly Fixed Cost | L4: Startup Cost
A5: Service Revenue | B5: Perimeter monitoring plan | C5: General pest monitoring | D5: 45 | E5: jobs/month | F5: 128 | G5: 46388 | H5: Sales Lead | I5: Planned | J5: =IF(OR($A5="",$D5="",$F5=""),"",IF($A5="Service Revenue",$D5*$F5,"")) | K5: =IF(OR($A5="",$D5="",$F5=""),"",IF(OR($A5="Staffing",$A5="Operating Cost"),$D5*$F5,"")) | L5: =IF(OR($A5="",$D5="",$F5=""),"",IF($A5="Startup Cost",$D5*$F5,""))
A6: Service Revenue | B6: Rodent inspection visit | C6: Rodent inspection | D6: 18 | E6: jobs/month | F6: 185 | G6: 46388 | H6: Sales Lead | I6: Planned | J6: =IF(OR($A6="",$D6="",$F6=""),"",IF($A6="Service Revenue",$D6*$F6,"")) | K6: =IF(OR($A6="",$D6="",$F6=""),"",IF(OR($A6="Staffing",$A6="Operating Cost"),$D6*$F6,"")) | L6: =IF(OR($A6="",$D6="",$F6=""),"",IF($A6="Startup Cost",$D6*$F6,""))
A7: Service Revenue | B7: Mosquito yard visit | C7: Mosquito yard service | D7: 30 | E7: jobs/month | F7: 95 | G7: 46388 | H7: Sales Lead | I7: Planned | J7: =IF(OR($A7="",$D7="",$F7=""),"",IF($A7="Service Revenue",$D7*$F7,"")) | K7: =IF(OR($A7="",$D7="",$F7=""),"",IF(OR($A7="Staffing",$A7="Operating Cost"),$D7*$F7,"")) | L7: =IF(OR($A7="",$D7="",$F7=""),"",IF($A7="Startup Cost",$D7*$F7,""))
A8: Staffing | B8: Lead service technician | D8: 1 | E8: full-time role | F8: 4800 | G8: 46388 | H8: Service Lead | I8: In progress | J8: =IF(OR($A8="",$D8="",$F8=""),"",IF($A8="Service Revenue",$D8*$F8,"")) | K8: =IF(OR($A8="",$D8="",$F8=""),"",IF(OR($A8="Staffing",$A8="Operating Cost"),$D8*$F8,"")) | L8: =IF(OR($A8="",$D8="",$F8=""),"",IF($A8="Startup Cost",$D8*$F8,""))
A9: Staffing | B9: Route service technician | D9: 1 | E9: full-time role | F9: 4100 | G9: 46388 | H9: Service Lead | I9: Planned | J9: =IF(OR($A9="",$D9="",$F9=""),"",IF($A9="Service Revenue",$D9*$F9,"")) | K9: =IF(OR($A9="",$D9="",$F9=""),"",IF(OR($A9="Staffing",$A9="Operating Cost"),$D9*$F9,"")) | L9: =IF(OR($A9="",$D9="",$F9=""),"",IF($A9="Startup Cost",$D9*$F9,""))
A10: Operating Cost | B10: Field base occupancy and utilities | D10: 1 | E10: monthly item | F10: 1400 | G10: 46388 | H10: Operations Lead | I10: Planned | J10: =IF(OR($A10="",$D10="",$F10=""),"",IF($A10="Service Revenue",$D10*$F10,"")) | K10: =IF(OR($A10="",$D10="",$F10=""),"",IF(OR($A10="Staffing",$A10="Operating Cost"),$D10*$F10,"")) | L10: =IF(OR($A10="",$D10="",$F10=""),"",IF($A10="Startup Cost",$D10*$F10,""))
A11: Startup Cost | B11: Used vehicle setup allowance | D11: 1 | E11: each | F11: 28500 | G11: 46358 | H11: Operations Lead | I11: In progress | J11: =IF(OR($A11="",$D11="",$F11=""),"",IF($A11="Service Revenue",$D11*$F11,"")) | K11: =IF(OR($A11="",$D11="",$F11=""),"",IF(OR($A11="Staffing",$A11="Operating Cost"),$D11*$F11,"")) | L11: =IF(OR($A11="",$D11="",$F11=""),"",IF($A11="Startup Cost",$D11*$F11,""))
A12: Startup Cost | B12: Inspection and application equipment allowance | D12: 1 | E12: each | F12: 6800 | G12: 46368 | H12: Service Lead | I12: Planned | J12: =IF(OR($A12="",$D12="",$F12=""),"",IF($A12="Service Revenue",$D12*$F12,"")) | K12: =IF(OR($A12="",$D12="",$F12=""),"",IF(OR($A12="Staffing",$A12="Operating Cost"),$D12*$F12,"")) | L12: =IF(OR($A12="",$D12="",$F12=""),"",IF($A12="Startup Cost",$D12*$F12,""))
J13: =IF(OR($A13="",$D13="",$F13=""),"",IF($A13="Service Revenue",$D13*$F13,"")) | K13: =IF(OR($A13="",$D13="",$F13=""),"",IF(OR($A13="Staffing",$A13="Operating Cost"),$D13*$F13,"")) | L13: =IF(OR($A13="",$D13="",$F13=""),"",IF($A13="Startup Cost",$D13*$F13,""))
J14: =IF(OR($A14="",$D14="",$F14=""),"",IF($A14="Service Revenue",$D14*$F14,"")) | K14: =IF(OR($A14="",$D14="",$F14=""),"",IF(OR($A14="Staffing",$A14="Operating Cost"),$D14*$F14,"")) | L14: =IF(OR($A14="",$D14="",$F14=""),"",IF($A14="Startup Cost",$D14*$F14,""))
J15: =IF(OR($A15="",$D15="",$F15=""),"",IF($A15="Service Revenue",$D15*$F15,"")) | K15: =IF(OR($A15="",$D15="",$F15=""),"",IF(OR($A15="Staffing",$A15="Operating Cost"),$D15*$F15,"")) | L15: =IF(OR($A15="",$D15="",$F15=""),"",IF($A15="Startup Cost",$D15*$F15,""))
J16: =IF(OR($A16="",$D16="",$F16=""),"",IF($A16="Service Revenue",$D16*$F16,"")) | K16: =IF(OR($A16="",$D16="",$F16=""),"",IF(OR($A16="Staffing",$A16="Operating Cost"),$D16*$F16,"")) | L16: =IF(OR($A16="",$D16="",$F16=""),"",IF($A16="Startup Cost",$D16*$F16,""))
J17: =IF(OR($A17="",$D17="",$F17=""),"",IF($A17="Service Revenue",$D17*$F17,"")) | K17: =IF(OR($A17="",$D17="",$F17=""),"",IF(OR($A17="Staffing",$A17="Operating Cost"),$D17*$F17,"")) | L17: =IF(OR($A17="",$D17="",$F17=""),"",IF($A17="Startup Cost",$D17*$F17,""))
J18: =IF(OR($A18="",$D18="",$F18=""),"",IF($A18="Service Revenue",$D18*$F18,"")) | K18: =IF(OR($A18="",$D18="",$F18=""),"",IF(OR($A18="Staffing",$A18="Operating Cost"),$D18*$F18,"")) | L18: =IF(OR($A18="",$D18="",$F18=""),"",IF($A18="Startup Cost",$D18*$F18,""))
J19: =IF(OR($A19="",$D19="",$F19=""),"",IF($A19="Service Revenue",$D19*$F19,"")) | K19: =IF(OR($A19="",$D19="",$F19=""),"",IF(OR($A19="Staffing",$A19="Operating Cost"),$D19*$F19,"")) | L19: =IF(OR($A19="",$D19="",$F19=""),"",IF($A19="Startup Cost",$D19*$F19,""))
J20: =IF(OR($A20="",$D20="",$F20=""),"",IF($A20="Service Revenue",$D20*$F20,"")) | K20: =IF(OR($A20="",$D20="",$F20=""),"",IF(OR($A20="Staffing",$A20="Operating Cost"),$D20*$F20,"")) | L20: =IF(OR($A20="",$D20="",$F20=""),"",IF($A20="Startup Cost",$D20*$F20,""))
J21: =IF(OR($A21="",$D21="",$F21=""),"",IF($A21="Service Revenue",$D21*$F21,"")) | K21: =IF(OR($A21="",$D21="",$F21=""),"",IF(OR($A21="Staffing",$A21="Operating Cost"),$D21*$F21,"")) | L21: =IF(OR($A21="",$D21="",$F21=""),"",IF($A21="Startup Cost",$D21*$F21,""))
J22: =IF(OR($A22="",$D22="",$F22=""),"",IF($A22="Service Revenue",$D22*$F22,"")) | K22: =IF(OR($A22="",$D22="",$F22=""),"",IF(OR($A22="Staffing",$A22="Operating Cost"),$D22*$F22,"")) | L22: =IF(OR($A22="",$D22="",$F22=""),"",IF($A22="Startup Cost",$D22*$F22,""))
J23: =IF(OR($A23="",$D23="",$F23=""),"",IF($A23="Service Revenue",$D23*$F23,"")) | K23: =IF(OR($A23="",$D23="",$F23=""),"",IF(OR($A23="Staffing",$A23="Operating Cost"),$D23*$F23,"")) | L23: =IF(OR($A23="",$D23="",$F23=""),"",IF($A23="Startup Cost",$D23*$F23,""))
J24: =IF(OR($A24="",$D24="",$F24=""),"",IF($A24="Service Revenue",$D24*$F24,"")) | K24: =IF(OR($A24="",$D24="",$F24=""),"",IF(OR($A24="Staffing",$A24="Operating Cost"),$D24*$F24,"")) | L24: =IF(OR($A24="",$D24="",$F24=""),"",IF($A24="Startup Cost",$D24*$F24,""))
... J104: =IF(OR($A104="",$D104="",$F104=""),"",IF($A104="Service Revenue",$D104*$F104,"")) | K104: =IF(OR($A104="",$D104="",$F104=""),"",IF(OR($A104="Staffing",$A104="Operating Cost"),$D104*$F104,"")) | L104: =IF(OR($A104="",$D104="",$F104=""),"",IF($A104="Startup Cost",$D104*$F104,""))

Sheet Monthly Projection
A1: Monthly Projection — Formula-Generated Planning Scenario
A3: Projection results depend only on the editable assumptions and planning lines in this workbook.
A4: Month | B4: Base Revenue | C4: Projected Revenue | D4: Fixed Cost | E4: Variable Cost | F4: Operating Result | G4: Cumulative Operating Result | H4: Ending Cash | I4: First Nonnegative Month Marker
A5: =IF(ROW()-4<=Assumptions!$B$5,DATE(YEAR(Assumptions!$B$4),MONTH(Assumptions!$B$4)+ROW()-5,1),"") | B5: =IF($A5="","",IF(COUNT('Plan Inputs'!$J$5:$J$104)=0,"",SUM('Plan Inputs'!$J$5:$J$104))) | C5: =IF(OR($A5="",$B5="",Assumptions!$B$6=""),"",$B5*POWER(1+Assumptions!$B$6,(ROW()-5)/12)) | D5: =IF($A5="","",IF(OR(COUNT('Plan Inputs'!$K$5:$K$104)=0,Assumptions!$B$7=""),"",SUM('Plan Inputs'!$K$5:$K$104)*POWER(1+Assumptions!$B$7,(ROW()-5)/12))) | E5: =IF(OR($A5="",$C5="",Assumptions!$B$8=""),"",$C5*Assumptions!$B$8) | F5: =IF(OR($A5="",$C5="",$D5="",$E5=""),"",$C5-$D5-$E5) | G5: =IF($F5="","",SUM($F$5:$F5)) | H5: =IF(OR($G5="",Assumptions!$B$9="",Assumptions!$B$10="",Assumptions!$B$11="",COUNT('Plan Inputs'!$L$5:$L$104)=0),"",Assumptions!$B$9+Assumptions!$B$10-SUM('Plan Inputs'!$L$5:$L$104)*(1+Assumptions!$B$11)+$G5) | I5: =IF($F5="","",IF(AND($F5>=0,COUNTIF($F$5:$F5,">=0")=1),$A5,""))
A6: =IF(ROW()-4<=Assumptions!$B$5,DATE(YEAR(Assumptions!$B$4),MONTH(Assumptions!$B$4)+ROW()-5,1),"") | B6: =IF($A6="","",IF(COUNT('Plan Inputs'!$J$5:$J$104)=0,"",SUM('Plan Inputs'!$J$5:$J$104))) | C6: =IF(OR($A6="",$B6="",Assumptions!$B$6=""),"",$B6*POWER(1+Assumptions!$B$6,(ROW()-5)/12)) | D6: =IF($A6="","",IF(OR(COUNT('Plan Inputs'!$K$5:$K$104)=0,Assumptions!$B$7=""),"",SUM('Plan Inputs'!$K$5:$K$104)*POWER(1+Assumptions!$B$7,(ROW()-5)/12))) | E6: =IF(OR($A6="",$C6="",Assumptions!$B$8=""),"",$C6*Assumptions!$B$8) | F6: =IF(OR($A6="",$C6="",$D6="",$E6=""),"",$C6-$D6-$E6) | G6: =IF($F6="","",SUM($F$5:$F6)) | H6: =IF(OR($G6="",Assumptions!$B$9="",Assumptions!$B$10="",Assumptions!$B$11="",COUNT('Plan Inputs'!$L$5:$L$104)=0),"",Assumptions!$B$9+Assumptions!$B$10-SUM('Plan Inputs'!$L$5:$L$104)*(1+Assumptions!$B$11)+$G6) | I6: =IF($F6="","",IF(AND($F6>=0,COUNTIF($F$5:$F6,">=0")=1),$A6,""))
A7: =IF(ROW()-4<=Assumptions!$B$5,DATE(YEAR(Assumptions!$B$4),MONTH(Assumptions!$B$4)+ROW()-5,1),"") | B7: =IF($A7="","",IF(COUNT('Plan Inputs'!$J$5:$J$104)=0,"",SUM('Plan Inputs'!$J$5:$J$104))) | C7: =IF(OR($A7="",$B7="",Assumptions!$B$6=""),"",$B7*POWER(1+Assumptions!$B$6,(ROW()-5)/12)) | D7: =IF($A7="","",IF(OR(COUNT('Plan Inputs'!$K$5:$K$104)=0,Assumptions!$B$7=""),"",SUM('Plan Inputs'!$K$5:$K$104)*POWER(1+Assumptions!$B$7,(ROW()-5)/12))) | E7: =IF(OR($A7="",$C7="",Assumptions!$B$8=""),"",$C7*Assumptions!$B$8) | F7: =IF(OR($A7="",$C7="",$D7="",$E7=""),"",$C7-$D7-$E7) | G7: =IF($F7="","",SUM($F$5:$F7)) | H7: =IF(OR($G7="",Assumptions!$B$9="",Assumptions!$B$10="",Assumptions!$B$11="",COUNT('Plan Inputs'!$L$5:$L$104)=0),"",Assumptions!$B$9+Assumptions!$B$10-SUM('Plan Inputs'!$L$5:$L$104)*(1+Assumptions!$B$11)+$G7) | I7: =IF($F7="","",IF(AND($F7>=0,COUNTIF($F$5:$F7,">=0")=1),$A7,""))
A8: =IF(ROW()-4<=Assumptions!$B$5,DATE(YEAR(Assumptions!$B$4),MONTH(Assumptions!$B$4)+ROW()-5,1),"") | B8: =IF($A8="","",IF(COUNT('Plan Inputs'!$J$5:$J$104)=0,"",SUM('Plan Inputs'!$J$5:$J$104))) | C8: =IF(OR($A8="",$B8="",Assumptions!$B$6=""),"",$B8*POWER(1+Assumptions!$B$6,(ROW()-5)/12)) | D8: =IF($A8="","",IF(OR(COUNT('Plan Inputs'!$K$5:$K$104)=0,Assumptions!$B$7=""),"",SUM('Plan Inputs'!$K$5:$K$104)*POWER(1+Assumptions!$B$7,(ROW()-5)/12))) | E8: =IF(OR($A8="",$C8="",Assumptions!$B$8=""),"",$C8*Assumptions!$B$8) | F8: =IF(OR($A8="",$C8="",$D8="",$E8=""),"",$C8-$D8-$E8) | G8: =IF($F8="","",SUM($F$5:$F8)) | H8: =IF(OR($G8="",Assumptions!$B$9="",Assumptions!$B$10="",Assumptions!$B$11="",COUNT('Plan Inputs'!$L$5:$L$104)=0),"",Assumptions!$B$9+Assumptions!$B$10-SUM('Plan Inputs'!$L$5:$L$104)*(1+Assumptions!$B$11)+$G8) | I8: =IF($F8="","",IF(AND($F8>=0,COUNTIF($F$5:$F8,">=0")=1),$A8,""))
A9: =IF(ROW()-4<=Assumptions!$B$5,DATE(YEAR(Assumptions!$B$4),MONTH(Assumptions!$B$4)+ROW()-5,1),"") | B9: =IF($A9="","",IF(COUNT('Plan Inputs'!$J$5:$J$104)=0,"",SUM('Plan Inputs'!$J$5:$J$104))) | C9: =IF(OR($A9="",$B9="",Assumptions!$B$6=""),"",$B9*POWER(1+Assumptions!$B$6,(ROW()-5)/12)) | D9: =IF($A9="","",IF(OR(COUNT('Plan Inputs'!$K$5:$K$104)=0,Assumptions!$B$7=""),"",SUM('Plan Inputs'!$K$5:$K$104)*POWER(1+Assumptions!$B$7,(ROW()-5)/12))) | E9: =IF(OR($A9="",$C9="",Assumptions!$B$8=""),"",$C9*Assumptions!$B$8) | F9: =IF(OR($A9="",$C9="",$D9="",$E9=""),"",$C9-$D9-$E9) | G9: =IF($F9="","",SUM($F$5:$F9)) | H9: =IF(OR($G9="",Assumptions!$B$9="",Assumptions!$B$10="",Assumptions!$B$11="",COUNT('Plan Inputs'!$L$5:$L$104)=0),"",Assumptions!$B$9+Assumptions!$B$10-SUM('Plan Inputs'!$L$5:$L$104)*(1+Assumptions!$B$11)+$G9) | I9: =IF($F9="","",IF(AND($F9>=0,COUNTIF($F$5:$F9,">=0")=1),$A9,""))
A10: =IF(ROW()-4<=Assumptions!$B$5,DATE(YEAR(Assumptions!$B$4),MONTH(Assumptions!$B$4)+ROW()-5,1),"") | B10: =IF($A10="","",IF(COUNT('Plan Inputs'!$J$5:$J$104)=0,"",SUM('Plan Inputs'!$J$5:$J$104))) | C10: =IF(OR($A10="",$B10="",Assumptions!$B$6=""),"",$B10*POWER(1+Assumptions!$B$6,(ROW()-5)/12)) | D10: =IF($A10="","",IF(OR(COUNT('Plan Inputs'!$K$5:$K$104)=0,Assumptions!$B$7=""),"",SUM('Plan Inputs'!$K$5:$K$104)*POWER(1+Assumptions!$B$7,(ROW()-5)/12))) | E10: =IF(OR($A10="",$C10="",Assumptions!$B$8=""),"",$C10*Assumptions!$B$8) | F10: =IF(OR($A10="",$C10="",$D10="",$E10=""),"",$C10-$D10-$E10) | G10: =IF($F10="","",SUM($F$5:$F10)) | H10: =IF(OR($G10="",Assumptions!$B$9="",Assumptions!$B$10="",Assumptions!$B$11="",COUNT('Plan Inputs'!$L$5:$L$104)=0),"",Assumptions!$B$9+Assumptions!$B$10-SUM('Plan Inputs'!$L$5:$L$104)*(1+Assumptions!$B$11)+$G10) | I10: =IF($F10="","",IF(AND($F10>=0,COUNTIF($F$5:$F10,">=0")=1),$A10,""))
A11: =IF(ROW()-4<=Assumptions!$B$5,DATE(YEAR(Assumptions!$B$4),MONTH(Assumptions!$B$4)+ROW()-5,1),"") | B11: =IF($A11="","",IF(COUNT('Plan Inputs'!$J$5:$J$104)=0,"",SUM('Plan Inputs'!$J$5:$J$104))) | C11: =IF(OR($A11="",$B11="",Assumptions!$B$6=""),"",$B11*POWER(1+Assumptions!$B$6,(ROW()-5)/12)) | D11: =IF($A11="","",IF(OR(COUNT('Plan Inputs'!$K$5:$K$104)=0,Assumptions!$B$7=""),"",SUM('Plan Inputs'!$K$5:$K$104)*POWER(1+Assumptions!$B$7,(ROW()-5)/12))) | E11: =IF(OR($A11="",$C11="",Assumptions!$B$8=""),"",$C11*Assumptions!$B$8) | F11: =IF(OR($A11="",$C11="",$D11="",$E11=""),"",$C11-$D11-$E11) | G11: =IF($F11="","",SUM($F$5:$F11)) | H11: =IF(OR($G11="",Assumptions!$B$9="",Assumptions!$B$10="",Assumptions!$B$11="",COUNT('Plan Inputs'!$L$5:$L$104)=0),"",Assumptions!$B$9+Assumptions!$B$10-SUM('Plan Inputs'!$L$5:$L$104)*(1+Assumptions!$B$11)+$G11) | I11: =IF($F11="","",IF(AND($F11>=0,COUNTIF($F$5:$F11,">=0")=1),$A11,""))
A12: =IF(ROW()-4<=Assumptions!$B$5,DATE(YEAR(Assumptions!$B$4),MONTH(Assumptions!$B$4)+ROW()-5,1),"") | B12: =IF($A12="","",IF(COUNT('Plan Inputs'!$J$5:$J$104)=0,"",SUM('Plan Inputs'!$J$5:$J$104))) | C12: =IF(OR($A12="",$B12="",Assumptions!$B$6=""),"",$B12*POWER(1+Assumptions!$B$6,(ROW()-5)/12)) | D12: =IF($A12="","",IF(OR(COUNT('Plan Inputs'!$K$5:$K$104)=0,Assumptions!$B$7=""),"",SUM('Plan Inputs'!$K$5:$K$104)*POWER(1+Assumptions!$B$7,(ROW()-5)/12))) | E12: =IF(OR($A12="",$C12="",Assumptions!$B$8=""),"",$C12*Assumptions!$B$8) | F12: =IF(OR($A12="",$C12="",$D12="",$E12=""),"",$C12-$D12-$E12) | G12: =IF($F12="","",SUM($F$5:$F12)) | H12: =IF(OR($G12="",Assumptions!$B$9="",Assumptions!$B$10="",Assumptions!$B$11="",COUNT('Plan Inputs'!$L$5:$L$104)=0),"",Assumptions!$B$9+Assumptions!$B$10-SUM('Plan Inputs'!$L$5:$L$104)*(1+Assumptions!$B$11)+$G12) | I12: =IF($F12="","",IF(AND($F12>=0,COUNTIF($F$5:$F12,">=0")=1),$A12,""))
A13: =IF(ROW()-4<=Assumptions!$B$5,DATE(YEAR(Assumptions!$B$4),MONTH(Assumptions!$B$4)+ROW()-5,1),"") | B13: =IF($A13="","",IF(COUNT('Plan Inputs'!$J$5:$J$104)=0,"",SUM('Plan Inputs'!$J$5:$J$104))) | C13: =IF(OR($A13="",$B13="",Assumptions!$B$6=""),"",$B13*POWER(1+Assumptions!$B$6,(ROW()-5)/12)) | D13: =IF($A13="","",IF(OR(COUNT('Plan Inputs'!$K$5:$K$104)=0,Assumptions!$B$7=""),"",SUM('Plan Inputs'!$K$5:$K$104)*POWER(1+Assumptions!$B$7,(ROW()-5)/12))) | E13: =IF(OR($A13="",$C13="",Assumptions!$B$8=""),"",$C13*Assumptions!$B$8) | F13: =IF(OR($A13="",$C13="",$D13="",$E13=""),"",$C13-$D13-$E13) | G13: =IF($F13="","",SUM($F$5:$F13)) | H13: =IF(OR($G13="",Assumptions!$B$9="",Assumptions!$B$10="",Assumptions!$B$11="",COUNT('Plan Inputs'!$L$5:$L$104)=0),"",Assumptions!$B$9+Assumptions!$B$10-SUM('Plan Inputs'!$L$5:$L$104)*(1+Assumptions!$B$11)+$G13) | I13: =IF($F13="","",IF(AND($F13>=0,COUNTIF($F$5:$F13,">=0")=1),$A13,""))
A14: =IF(ROW()-4<=Assumptions!$B$5,DATE(YEAR(Assumptions!$B$4),MONTH(Assumptions!$B$4)+ROW()-5,1),"") | B14: =IF($A14="","",IF(COUNT('Plan Inputs'!$J$5:$J$104)=0,"",SUM('Plan Inputs'!$J$5:$J$104))) | C14: =IF(OR($A14="",$B14="",Assumptions!$B$6=""),"",$B14*POWER(1+Assumptions!$B$6,(ROW()-5)/12)) | D14: =IF($A14="","",IF(OR(COUNT('Plan Inputs'!$K$5:$K$104)=0,Assumptions!$B$7=""),"",SUM('Plan Inputs'!$K$5:$K$104)*POWER(1+Assumptions!$B$7,(ROW()-5)/12))) | E14: =IF(OR($A14="",$C14="",Assumptions!$B$8=""),"",$C14*Assumptions!$B$8) | F14: =IF(OR($A14="",$C14="",$D14="",$E14=""),"",$C14-$D14-$E14) | G14: =IF($F14="","",SUM($F$5:$F14)) | H14: =IF(OR($G14="",Assumptions!$B$9="",Assumptions!$B$10="",Assumptions!$B$11="",COUNT('Plan Inputs'!$L$5:$L$104)=0),"",Assumptions!$B$9+Assumptions!$B$10-SUM('Plan Inputs'!$L$5:$L$104)*(1+Assumptions!$B$11)+$G14) | I14: =IF($F14="","",IF(AND($F14>=0,COUNTIF($F$5:$F14,">=0")=1),$A14,""))
A15: =IF(ROW()-4<=Assumptions!$B$5,DATE(YEAR(Assumptions!$B$4),MONTH(Assumptions!$B$4)+ROW()-5,1),"") | B15: =IF($A15="","",IF(COUNT('Plan Inputs'!$J$5:$J$104)=0,"",SUM('Plan Inputs'!$J$5:$J$104))) | C15: =IF(OR($A15="",$B15="",Assumptions!$B$6=""),"",$B15*POWER(1+Assumptions!$B$6,(ROW()-5)/12)) | D15: =IF($A15="","",IF(OR(COUNT('Plan Inputs'!$K$5:$K$104)=0,Assumptions!$B$7=""),"",SUM('Plan Inputs'!$K$5:$K$104)*POWER(1+Assumptions!$B$7,(ROW()-5)/12))) | E15: =IF(OR($A15="",$C15="",Assumptions!$B$8=""),"",$C15*Assumptions!$B$8) | F15: =IF(OR($A15="",$C15="",$D15="",$E15=""),"",$C15-$D15-$E15) | G15: =IF($F15="","",SUM($F$5:$F15)) | H15: =IF(OR($G15="",Assumptions!$B$9="",Assumptions!$B$10="",Assumptions!$B$11="",COUNT('Plan Inputs'!$L$5:$L$104)=0),"",Assumptions!$B$9+Assumptions!$B$10-SUM('Plan Inputs'!$L$5:$L$104)*(1+Assumptions!$B$11)+$G15) | I15: =IF($F15="","",IF(AND($F15>=0,COUNTIF($F$5:$F15,">=0")=1),$A15,""))
A16: =IF(ROW()-4<=Assumptions!$B$5,DATE(YEAR(Assumptions!$B$4),MONTH(Assumptions!$B$4)+ROW()-5,1),"") | B16: =IF($A16="","",IF(COUNT('Plan Inputs'!$J$5:$J$104)=0,"",SUM('Plan Inputs'!$J$5:$J$104))) | C16: =IF(OR($A16="",$B16="",Assumptions!$B$6=""),"",$B16*POWER(1+Assumptions!$B$6,(ROW()-5)/12)) | D16: =IF($A16="","",IF(OR(COUNT('Plan Inputs'!$K$5:$K$104)=0,Assumptions!$B$7=""),"",SUM('Plan Inputs'!$K$5:$K$104)*POWER(1+Assumptions!$B$7,(ROW()-5)/12))) | E16: =IF(OR($A16="",$C16="",Assumptions!$B$8=""),"",$C16*Assumptions!$B$8) | F16: =IF(OR($A16="",$C16="",$D16="",$E16=""),"",$C16-$D16-$E16) | G16: =IF($F16="","",SUM($F$5:$F16)) | H16: =IF(OR($G16="",Assumptions!$B$9="",Assumptions!$B$10="",Assumptions!$B$11="",COUNT('Plan Inputs'!$L$5:$L$104)=0),"",Assumptions!$B$9+Assumptions!$B$10-SUM('Plan Inputs'!$L$5:$L$104)*(1+Assumptions!$B$11)+$G16) | I16: =IF($F16="","",IF(AND($F16>=0,COUNTIF($F$5:$F16,">=0")=1),$A16,""))
... A124: =IF(ROW()-4<=Assumptions!$B$5,DATE(YEAR(Assumptions!$B$4),MONTH(Assumptions!$B$4)+ROW()-5,1),"") | B124: =IF($A124="","",IF(COUNT('Plan Inputs'!$J$5:$J$104)=0,"",SUM('Plan Inputs'!$J$5:$J$104))) | C124: =IF(OR($A124="",$B124="",Assumptions!$B$6=""),"",$B124*POWER(1+Assumptions!$B$6,(ROW()-5)/12)) | D124: =IF($A124="","",IF(OR(COUNT('Plan Inputs'!$K$5:$K$104)=0,Assumptions!$B$7=""),"",SUM('Plan Inputs'!$K$5:$K$104)*POWER(1+Assumptions!$B$7,(ROW()-5)/12))) | E124: =IF(OR($A124="",$C124="",Assumptions!$B$8=""),"",$C124*Assumptions!$B$8) | F124: =IF(OR($A124="",$C124="",$D124="",$E124=""),"",$C124-$D124-$E124) | G124: =IF($F124="","",SUM($F$5:$F124)) | H124: =IF(OR($G124="",Assumptions!$B$9="",Assumptions!$B$10="",Assumptions!$B$11="",COUNT('Plan Inputs'!$L$5:$L$104)=0),"",Assumptions!$B$9+Assumptions!$B$10-SUM('Plan Inputs'!$L$5:$L$104)*(1+Assumptions!$B$11)+$G124) | I124: =IF($F124="","",IF(AND($F124>=0,COUNTIF($F$5:$F124,">=0")=1),$A124,""))

Sheet Milestones
A1: Milestones — Fictional Owner Planning Schedule
A3: Statuses and alerts are internal planning prompts that require human review.
A4: Target Date | B4: Milestone | C4: Responsibility | D4: Status | E4: Budget Amount | F4: Actual Amount | G4: Budget Variance | H4: Human Review Check
A5: 46313 | B5: Approve written owner operating plan | C5: Owner | D5: In progress | E5: 500 | F5: 500 | G5: =IF(OR($E5="",$F5=""),"",$E5-$F5) | H5: =IF($B5="","",IF(AND($A5<>"",$A5<TODAY(),$D5<>"Complete"),"Human review: target date passed",IF(AND($E5<>"",$F5<>"",$F5>$E5),"Human review: over plan","")))
A6: 46343 | B6: Select fictional field base | C6: Operations Lead | D6: Planned | E6: 2200 | G6: =IF(OR($E6="",$F6=""),"",$E6-$F6) | H6: =IF($B6="","",IF(AND($A6<>"",$A6<TODAY(),$D6<>"Complete"),"Human review: target date passed",IF(AND($E6<>"",$F6<>"",$F6>$E6),"Human review: over plan","")))
A7: 46368 | B7: Complete equipment purchasing review | C7: Service Lead | D7: Planned | E7: 35000 | G7: =IF(OR($E7="",$F7=""),"",$E7-$F7) | H7: =IF($B7="","",IF(AND($A7<>"",$A7<TODAY(),$D7<>"Complete"),"Human review: target date passed",IF(AND($E7<>"",$F7<>"",$F7>$E7),"Human review: over plan","")))
A8: 46418 | B8: Review first-month outreach results | C8: Sales Lead | D8: Planned | E8: 1200 | G8: =IF(OR($E8="",$F8=""),"",$E8-$F8) | H8: =IF($B8="","",IF(AND($A8<>"",$A8<TODAY(),$D8<>"Complete"),"Human review: target date passed",IF(AND($E8<>"",$F8<>"",$F8>$E8),"Human review: over plan","")))
G9: =IF(OR($E9="",$F9=""),"",$E9-$F9) | H9: =IF($B9="","",IF(AND($A9<>"",$A9<TODAY(),$D9<>"Complete"),"Human review: target date passed",IF(AND($E9<>"",$F9<>"",$F9>$E9),"Human review: over plan","")))
G10: =IF(OR($E10="",$F10=""),"",$E10-$F10) | H10: =IF($B10="","",IF(AND($A10<>"",$A10<TODAY(),$D10<>"Complete"),"Human review: target date passed",IF(AND($E10<>"",$F10<>"",$F10>$E10),"Human review: over plan","")))
G11: =IF(OR($E11="",$F11=""),"",$E11-$F11) | H11: =IF($B11="","",IF(AND($A11<>"",$A11<TODAY(),$D11<>"Complete"),"Human review: target date passed",IF(AND($E11<>"",$F11<>"",$F11>$E11),"Human review: over plan","")))
G12: =IF(OR($E12="",$F12=""),"",$E12-$F12) | H12: =IF($B12="","",IF(AND($A12<>"",$A12<TODAY(),$D12<>"Complete"),"Human review: target date passed",IF(AND($E12<>"",$F12<>"",$F12>$E12),"Human review: over plan","")))
G13: =IF(OR($E13="",$F13=""),"",$E13-$F13) | H13: =IF($B13="","",IF(AND($A13<>"",$A13<TODAY(),$D13<>"Complete"),"Human review: target date passed",IF(AND($E13<>"",$F13<>"",$F13>$E13),"Human review: over plan","")))
G14: =IF(OR($E14="",$F14=""),"",$E14-$F14) | H14: =IF($B14="","",IF(AND($A14<>"",$A14<TODAY(),$D14<>"Complete"),"Human review: target date passed",IF(AND($E14<>"",$F14<>"",$F14>$E14),"Human review: over plan","")))
G15: =IF(OR($E15="",$F15=""),"",$E15-$F15) | H15: =IF($B15="","",IF(AND($A15<>"",$A15<TODAY(),$D15<>"Complete"),"Human review: target date passed",IF(AND($E15<>"",$F15<>"",$F15>$E15),"Human review: over plan","")))
G16: =IF(OR($E16="",$F16=""),"",$E16-$F16) | H16: =IF($B16="","",IF(AND($A16<>"",$A16<TODAY(),$D16<>"Complete"),"Human review: target date passed",IF(AND($E16<>"",$F16<>"",$F16>$E16),"Human review: over plan","")))
G17: =IF(OR($E17="",$F17=""),"",$E17-$F17) | H17: =IF($B17="","",IF(AND($A17<>"",$A17<TODAY(),$D17<>"Complete"),"Human review: target date passed",IF(AND($E17<>"",$F17<>"",$F17>$E17),"Human review: over plan","")))
G18: =IF(OR($E18="",$F18=""),"",$E18-$F18) | H18: =IF($B18="","",IF(AND($A18<>"",$A18<TODAY(),$D18<>"Complete"),"Human review: target date passed",IF(AND($E18<>"",$F18<>"",$F18>$E18),"Human review: over plan","")))
G19: =IF(OR($E19="",$F19=""),"",$E19-$F19) | H19: =IF($B19="","",IF(AND($A19<>"",$A19<TODAY(),$D19<>"Complete"),"Human review: target date passed",IF(AND($E19<>"",$F19<>"",$F19>$E19),"Human review: over plan","")))
G20: =IF(OR($E20="",$F20=""),"",$E20-$F20) | H20: =IF($B20="","",IF(AND($A20<>"",$A20<TODAY(),$D20<>"Complete"),"Human review: target date passed",IF(AND($E20<>"",$F20<>"",$F20>$E20),"Human review: over plan","")))
... G104: =IF(OR($E104="",$F104=""),"",$E104-$F104) | H104: =IF($B104="","",IF(AND($A104<>"",$A104<TODAY(),$D104<>"Complete"),"Human review: target date passed",IF(AND($E104<>"",$F104<>"",$F104>$E104),"Human review: over plan","")))

Sheet Assumptions
A1: Assumptions — Editable Fictional Planning Estimates
A3: Planning Assumption | B3: Editable Value | C3: Use in Workbook
A4: Plan start date | B4: 46388 | C4: First month of the financial projection
A5: Projection months | B5: 60 | C5: Prepared range supports 12 through 120 months
A6: Annual revenue growth assumption | B6: 0.08 | C6: Applied gradually across projected months
A7: Annual fixed cost growth assumption | B7: 0.04 | C7: Applied gradually across projected months
A8: Variable cost share of revenue | B8: 0.18 | C8: Scenario estimate for revenue-linked costs
A9: Opening cash estimate | B9: 15000 | C9: Included in projected ending cash
A10: Owner funds available | B10: 30000 | C10: Included in opening funds available
A11: Startup contingency | B11: 0.1 | C11: Added to entered startup planning costs
A12: Productive hours per service role/month | B12: 140 | C12: Used for estimated labor capacity
A13: Average labor hours per service | B13: 1.5 | C13: Used for planned monthly service hours
A14: Serviceable households estimate | B14: 4800 | C14: Used only for target market capture
A15: Target active customers in year 1 | B15: 180 | C15: Compared with the serviceable household estimate
